 Dungeon Crawl Stone Soup version 0.22-a0-409-gb855193 (webtiles) character file.

34 4thArraOfDagon the Firebug (level 3, -2/21 HPs)
             Began as an Octopode Fire Elementalist on May 10, 2018.
             Slain by a worm (7 damage)
             ... on level 2 of the Dungeon.
             The game lasted 00:02:38 (429 turns).

4thArraOfDagon the Firebug (OpFE)                    Turns: 429, Time: 00:02:39

Health: -2/21      AC:  1    Str:  7    XL:     3   Next: 31%
Magic:  0/6        EV: 13    Int: 23    God:
Gold:   27         SH:  0    Dex: 12    Spells: 5/6 levels left

rFire    . . .     SeeInvis .   (no weapon)
rCold    . . .     Gourm    .   (no shield)
rNeg     . . .     Faith    .   (helmet restricted)
rPois    .         Spirit   .   (no amulet)
rElec    .         Reflect  .   (no ring)
rCorr    .         Harm     .   (no ring)
MR       .....                  (no ring)
Stlth    +++.......             (no ring)
HPRegen  0.07/turn              (no ring)
MPRegen  0.10/turn              (no ring)
                                (no ring)
                                (no ring)

@: brilliant
A: almost no armour, stealthy swim, amphibious, 8 rings, constrict 8, camouflage
1, gelatinous body 1
a: no special abilities


You were on level 2 of the Dungeon.
You were not hungry.

You visited 1 branch of the dungeon, and saw 2 of its levels.

You collected 27 gold pieces.

Inventory:

Scrolls
 a - a scroll of fear {unknown}
Comestibles
 b - 2 rations
 c - 2 chunks of flesh


   Skills:
 - Level 2.0 Dodging
 - Level 2.6 Stealth
 + Level 2.3 Spellcasting
 * Level 2.1 Conjurations
 * Level 3.5 Fire Magic


You had 5 spell levels left.
You knew the following spells:

 Your Spells              Type           Power        Failure   Level  Hunger
a - Flame Tongue          Conj/Fire      ####.        1%          1    None


Dungeon Overview and Level Annotations

Branches:
Dungeon (2/15)

Altars:


Innate Abilities, Weirdness & Mutations

You cannot wear most types of armour.
You are very stealthy in the water. (Stealth+)
You are amphibious.
You can wear up to eight rings at the same time.
You can use your tentacles to constrict eight enemies at once.
Your skin changes colour to match your surroundings (Stealth+).
Your rubbery body absorbs attacks. (AC +1, EV +1)


Message History

Unknown command.
You feel sick.
You feel sick.
Casting: Flame Tongue (safe; 1% risk of failure)
Confirm with . or Enter, or press ? or * to list all spells.
Aiming: Flame Tongue (safe; 1% risk of failure)
Press: ? - help, Shift-Dir - straight line, f - worm
Aim: a worm The flame tongue hits the worm.
The worm is heavily wounded.
You barely miss the worm. You grab the worm. You squeeze the worm.
The worm is severely wounded.
You constrict the worm.
Unknown command.
You tentacle-slap the worm.
The worm is severely wounded.
You constrict the worm.
You feel sick.
You are no longer poisoned.
The worm bites you!
You die...

#...###..........g.....
#.................l....
#..#.#..###..###.......
#..#.#..#.#..#...######
#..###..#.#..###.#
#............†...######
#..#.#..###..###.......
#..#.#....#..#.#..#####
#..###@w###..#.#..#
#.[.......).......#
##.###..###..#.#..#
#...#..#.#..#.#..#
#.###..#.#..###..#
#................#
########.........#
###########


You could see a worm.

Vanquished Creatures
  An adder (D:2)
  An ooze (D:2)
  A dart slug (D:2)
  2 leopard geckos
  A giant cockroach (D:2)
  3 goblins
  A hobgoblin (D:1)
  A ball python (D:1)
  5 bats
  2 frilled lizards
  A rat (D:1)
19 creatures vanquished.

Notes
Turn   | Place    | Note
-------+----------+-------------------------------------------
     0 | D:1      | 4thArraOfDagon the Octopode Fire Elementalist began the quest for the Orb.
     0 | D:1      | Reached XP level 1. HP: 11/11 MP: 3/3
   133 | D:1      | Reached XP level 2. HP: 3/17 MP: 0/5
   408 | D:2      | Reached XP level 3. HP: 10/21 MP: 3/6
   429 | D:2      | Slain by a worm

Vault maps used:
D:1:      moated_graveyard_arrival
D:2:      fedhas_altar_2, minmay_misc_feat_nine_boxes,
          hangedman_decor_diamond_cutter, kennysheep_nub,
          kennysheep_jessica_study

Skill      XL: |  1  2  3 |
---------------+----------+-----
Conjurations   | 2 |  2.1
Dodging        | |  2.0
Stealth        | |  2.6
Spellcasting   | |  2.3
Fire Magic     | |  3.5

Action                   || total
-------------------------++-------
Melee: Unarmed           ||    27
       Constrict         ||     7
       Tentacles         ||     4
 Cast: Flame Tongue      ||    30
  Use: Potion            ||     2
Armor: Skin              ||     7
Dodge: Dodged            ||    37

Table legend:
 A = Spawn XP
 B = Non-spawn XP
 C = Spawn XP percentage of total XP
 D = Spawn monster count
 E = Non-spawn monster count
 F = Spawn count percentage of total count
 G = Total turns spent on level
                    A         B        C        D         E        F      G
               +---------+---------+-------+---------+---------+-------+---------
         Total |       0 |      49 |   0.0 |       0 |      19 |   0.0 |   429
               +---------+---------+-------+---------+---------+-------+---------
           D:1 |       0 |      17 |   0.0 |       0 |      11 |   0.0 |   316
           D:2 |       0 |      32 |   0.0 |       0 |       8 |   0.0 |   113
               +---------+---------+-------+---------+---------+-------+---------
